 Dungeon Crawl Stone Soup version 0.25-a0-927-g39f137c8b7 (webtiles) character file.

Game seed: 6416983664051562471, levelgen mode: deterministic

21 Grylvandir the Digger (level 2, 0/15 HPs)
             Began as a Gargoyle Earth Elementalist on May 3, 2020.
             Slain by a centaur skeleton (4 damage)
             ... on level 2 of the Dungeon.
             The game lasted 00:03:10 (1152 turns).

Grylvandir the Digger (Gargoyle Earth Elementalist) Turns: 1152, Time: 00:03:11

Health: 0/15       AC:  4    Str: 11    XL:     2   Next: 87%
Magic:  4/5        EV: 12    Int: 15    God:
Gold:   70         SH:  0    Dex: 10    Spells: 5/6 levels left

rFire    . . .     SeeInvis .   k - +2 dagger (elec)
rCold    . . .     Gourm    .   (no shield)
rNeg     + . .     Faith    .   c - +0 robe
rPois    ∞         Spirit   .   (no helmet)
rElec    +         Reflect  .   (no cloak)
rCorr    .         Harm     .   (no gloves)
MR       .....                  (no boots)
Stlth    ++........             (no amulet)
HPRegen  0.05/turn              (no ring)
MPRegen  0.09/turn              (no ring)

@: no status effects
A: negative energy resistance 1, electricity resistance, unbreathing,
petrification resistance, rot immunity, AC +2
a: no special abilities


You were on level 2 of the Dungeon.
You were hungry.

You visited 1 branch of the dungeon, and saw 2 of its levels.

You collected 70 gold pieces.

Inventory:

Hand Weapons
 e - a +0 dagger
 j - a +0 mace
 k - a +2 dagger of electrocution (weapon)
Missiles
 b - 37 stones (quivered)
 f - 13 poisoned darts
Armour
 c - a +0 robe (worn)
Scrolls
 a - a scroll of blinking {unknown}
 g - a scroll of fog {unknown}
 h - 2 scrolls of identify {unknown}
 i - a scroll of teleportation {unknown}
 l - a scroll of remove curse {unknown}
Comestibles
 d - a ration


   Skills:
 - Level 1.5 Dodging
 - Level 2.1 Stealth
 + Level 2.6 Spellcasting
   Level 0.7 Transmutations
 + Level 4.2 Earth Magic


You had 5 spell levels left.
You knew the following spells:

 Your Spells              Type           Power        Failure   Level  Hunger
a - Sandblast             Erth           ##....       3%          1    #......

Your spell library contained the following spells:

 Spells                   Type           Power        Failure   Level  Hunger
 Passwall                 Tmut/Erth      #.......     12%         2    ###....
 Stone Arrow              Conj/Erth      #.....       26%         3    ###....
 Petrify                  Tmut/Erth      #.......     58%         4    #####..
 Lee's Rapid Deconstruct  Erth           ##........   69%         5    ######.


Dungeon Overview and Level Annotations

Branches:
Dungeon (2/15)

Altars:


Innate Abilities, Weirdness & Mutations

You are resistant to torment.
Your stone body is resilient. (AC +2)
You are immune to poison.
You resist negative energy. (rN+)
You are resistant to electric shocks. (rElec)
You can survive without breathing.
You are immune to petrification.
You are immune to rotting.


Message History

The centaur skeleton is moderately damaged.
The centaur skeleton barely misses you.
The centaur skeleton closely misses you.
You completely miss the centaur skeleton.
The centaur skeleton is moderately damaged.
The centaur skeleton hits you.
* * * LOW HITPOINT WARNING * * *
You are too injured to fight recklessly!
You are too injured to fight recklessly!
You are too injured to fight recklessly!
Casting: Sandblast (safe; 3% risk of failure)
Confirm with . or Enter, or press ? or * to list all spells.
Aiming: Sandblast (safe; 3% risk of failure)
Press: ? - help, Shift-Dir - straight line, f - centaur skeleton
Aim: a centaur skeleton (moderately damaged)
The blast of sand hits the centaur skeleton!
The centaur skeleton is severely damaged.
b - 37 stones The centaur skeleton hits you.
You die...

.........###....#
........†.##.##.#
.......$...####.#
.........(..# #.#
.........(..###.##
.♣..♣...†..(##...## #
............'.....##>#.###
..[.........Z.............
.♣..♣..g.Z..#@.........###
..^........##...###.###
...........###......#
.......!.## ##.#####
........## ...# ......#
#..# ....# #..#


You could see a centaur skeleton.

Vanquished Creatures
  A dart slug (D:1)
  A leopard gecko (D:2)
  4 bats (D:1)
  5 goblins
  A frilled lizard (D:1)
  3 kobolds (D:2)
  A rat (D:1)
16 creatures vanquished.

Notes
Turn   | Place    | Note
-------+----------+-------------------------------------------
     0 | D:1      | Grylvandir the Gargoyle Earth Elementalist began the quest
                  | for the Orb.
     0 | D:1      | Reached XP level 1. HP: 10/10 MP: 3/3
   619 | D:1      | Reached skill level 4 in Earth Magic
   619 | D:1      | Reached XP level 2. HP: 12/15 MP: 5/5
  1152 | D:2      | Slain by a centaur skeleton

Levels and vault maps discovered:
D:1:      lightli_arrival_quake, layout_basic, minmay_misc_feat_chi,
          chequers_serial_rivers_small_b
D:2:      kennysheep_big_flooded_room, layout_loops_ring,
          minmay_worlds_worst_comb

Skill      XL: |  1 |
---------------+----+-----
Earth Magic    | 4 |  4.2
Dodging        | |  1.5
Stealth        | |  2.1
Spellcasting   | |  2.6
Transmutations | |  0.7

Action                   || total
-------------------------++-------
Melee: Unarmed           ||    14
       Dagger            ||    54
 Cast: Sandblast         ||     5
Armor: Robe              ||    21
Dodge: Dodged            ||    63

Table legend:
 A = Non-vault XP
 B = Vault XP
 C = Vault XP percentage of total XP
 D = Non-vault monster count
 E = Vault monster count
 F = Vault count percentage of total count
                 A         B        C        D         E       F
            +---------+---------+-------+---------+---------+-------
      Total |      28 |       3 |   9.7 |      14 |       2 |  12.5
            +---------+---------+-------+---------+---------+-------
        D:1 |      22 |       0 |   0.0 |      11 |       0 |   0.0
        D:2 |       6 |       3 |  33.3 |       3 |       2 |  40.0
            +---------+---------+-------+---------+---------+-------
